 Dungeon Crawl Stone Soup version 0.28.0-43-g3370ac3207 (webtiles) character file.

Game seed: 15878765899783529345

79 Pinkishskies the Shield-Bearer (level 4, 0/29 HPs)
             Began as a Gargoyle Fighter on Mar 8, 2022.
             Slain by Sigmund
             ... wielding a +0 scythe
              (5 damage)
             ... on level 2 of the Dungeon.
             The game lasted 00:05:18 (1803 turns).

Pinkishskies the Shield-Bearer (Gargoyle Fighter)   Turns: 1803, Time: 00:05:19

Health: 0/29       AC: 12    Str: 22    XL:     4   Next: 37%
Magic:  4/4        EV:  9    Int:  8    God:
Gold:   106        SH:  0    Dex:  9    Spells: 3/3 levels left

rFire   . . .      SeeInvis .   a - +0 flail
rCold   . . .      Faith    .   c - +0 buckler
rNeg    + . .      Spirit   .   b - +0 scale mail
rPois   ∞          Reflect  .   f - +2 hat
rElec   +          Harm     .   (no cloak)
rCorr   .          Rampage  .   (no gloves)
Will    .....                   (no boots)
Stlth   ..........              (no amulet)
HPRegen 0.09/turn               (no ring)
MPRegen 0.09/turn               (no ring)

@: confused
A: sickness immunity, AC +3, negative energy resistance 1, electricity
resistance, torment resistance 1, petrification resistance
a: no special abilities


You were on level 2 of the Dungeon.
You visited 1 branch of the dungeon, and saw 2 of its levels.

You collected 106 gold pieces.

Inventory:

Hand Weapons
 a - a +0 flail (weapon)
Armour
 b - a +0 scale mail (worn)
 c - a +0 buckler (worn)
 f - a +2 hat (worn)
 i - a +0 ring mail
Jewellery
 k - an amulet of magic regeneration
 l - a ring of magical power
Scrolls
 e - a scroll of amnesia {unknown}
 h - a scroll of magic mapping {unknown}
 j - a scroll of enchant weapon {unknown}
Potions
 d - a potion of might
 g - 2 potions of mutation {unknown}


   Skills:
 + Level 3.9 Fighting
 * Level 3.2 Maces & Flails
 + Level 3.6 Armour
 + Level 0.1 Dodging
 + Level 3.9 Shields


You had 3 spell levels left.
You didn't know any spells.
Your spell library contained the following spells:

 Spells                   Type           Power      Damage    Failure   Level
 Slow                     Hex            0%         N/A       82%         1
 Confusing Touch          Hex            0%         N/A       99%         3
 Vampiric Draining        Necr           0%         2d6       99%         3


Dungeon Overview and Level Annotations

Branches:
Dungeon (2/15)

Altars:

Annotations:
D:2 Sigmund


Innate Abilities, Weirdness & Mutations

You are immune to sickness and miasma.
Your stone body is resilient. (AC +3)
You are immune to poison.
You resist negative energy. (rN+)
You are resistant to electric shocks. (rElec)
You are resistant to unholy torment.
You are immune to petrification.


Message History

The puff of flame misses you.
A puff of flame appears from out of thin air!
The puff of flame hits you but does no damage.
A magic dart appears from out of thin air!
The magic dart hits you but does no damage.
Something hits you. Something hits you but does no damage.
Something hits you but does no damage.
No target in view!
A magic dart appears from out of thin air!
The magic dart hits you!
No target in view!
Something hits you! You block something's attack.
You miss something. You closely miss something.
You hear some strange, mumbled words.
A puff of flame appears from out of thin air!
The puff of flame hits you but does no damage.
Something hits you!
* * * LOW HITPOINT WARNING * * *
You closely miss something.
Sigmund appears from thin air!
Reactivating autopickup.
You block Sigmund's attack. Sigmund gestures at you while chanting.
The magic dart hits you but does no damage.
Sigmund drinks a potion.
Sigmund flickers and vanishes!
Deactivating autopickup; reactivate with Ctrl-A.
You are confused.
You bump into the rock wall.
You bump into the rock wall.
You bump into the rock wall.
Something hits you but does no damage.
You bump into the rock wall.
You hear some strange, mumbled words.
You are more confused.
Something hits you but does no damage.
You bump into the rock wall.
Something hits you but does no damage.
You're too confused to move!
Something hits you.
You die...

######....#'## #.# #.#
.......##.#.####.# #.#
#########.#.#....# #.#
#........#.#.#### #.#
##.#####..#.#.# #.# .#.#
#..#.#.# #{# .#.#
#..#.#.# #.# .#.#
#..#.#.#########.#
.#.#####..#.#...@.......#
.#.....#..#.#############
.#####.####.# .# #......#
.# ######## ##


There were no monsters in sight!

Vanquished Creatures
  3 gnolls (D:2)
  2 dart slugs
  5 bats
  7 endoplasms
  2 giant cockroaches (D:1)
  5 goblins
  5 hobgoblins
  A quokka (D:1)
  4 ball pythons
  2 frilled lizards (D:1)
  3 kobolds
  4 rats
43 creatures vanquished.

Vanquished Creatures (others)
  A plant (D:1)
1 creature vanquished.

Grand Total: 44 creatures vanquished

Notes
Turn   | Place    | Note
-------+----------+-------------------------------------------
     0 | D:1      | Pinkishskies the Gargoyle Fighter began the quest for the
                  | Orb.
     0 | D:1      | Reached XP level 1. HP: 14/14 MP: 1/1
    61 | D:1      | Reached XP level 2. HP: 15/19 MP: 2/2
   589 | D:1      | Reached XP level 3. HP: 21/23 MP: 3/3
  1097 | D:2      | Reached XP level 4. HP: 18/29 MP: 4/4
  1752 | D:2      | Noticed Sigmund
  1803 | D:2      | Slain by Sigmund

Illustrated notes

Levels and vault maps discovered:
D:1:      denvon_arrival_planthouse, layout_basic, minmay_tetromino_t2
D:2:      layout_basic, lemuel_another_geyser, uniq_sigmund

Skill      XL: |  1  2  3  4 |
---------------+-------------+-----
Maces & Flails | 3 |  3.2
Fighting       | |  3.9
Armour         | |  3.6
Dodging        | |  0.1
Shields        | |  3.9

Action                   |  1- 3 |  4- 6 || total
-------------------------+-------+-------++-------
Melee: Flail             |   100 |    43 ||   143
Armor: Scale mail        |    46 |    38 ||    84
Dodge: Dodged            |    51 |    26 ||    77
Block: Buckler           |    24 |    14 ||    38
